 Dungeon Sprint DCSS version 0.28.0-53-g5a82cb258f (webtiles) character file.

Game seed: 16548975030231970016

6378 Zeld the Eclecticist (level 10, -17/50 HPs)
             Began as a Deep Elf Conjurer on May 29, 2022.
             Was a High Priest of Sif Muna.
             Demolished by a death yak (44 damage)
             ... summoned by a spriggan berserker
             ... in the Dungeon (Sprint IV: "Fedhas' Mad Dash").
             The game lasted 00:05:57 (3024 turns).

Zeld the Eclecticist (Deep Elf Conjurer)            Turns: 3024, Time: 00:05:57

Health: -17/50     AC:  2    Str:  4    XL:     10   Next: 65%
Magic:  18/35      EV: 15    Int: 28    God:    Sif Muna [*****.]
Gold:   150        SH:  0    Dex: 13    Spells: 34/48 levels left

rFire   . . .      SeeInvis .   (no weapon)
rCold   . . .      Faith    .   (no shield)
rNeg    . . .      Spirit   .   a - +0 robe
rPois   .          Reflect  .   (no helmet)
rElec   .          Harm     .   (no cloak)
rCorr   .          Rampage  .   (no gloves)
Will    +....      NoTele   +   (no boots)
Stlth   ++++......              j - amulet of invisibility {+Inv}
HPRegen 0.16/turn               (no ring)
MPRegen 0.24/turn               (no ring)

@: no status effects
A: no striking features
a: Renounce Religion, Evoke Invisibility, Channel Magic, Forget Spell, Divine
Exegesis


You were in the Dungeon.
You worshipped Sif Muna.
Sif Muna was extremely pleased with you.
You visited 1 branch You collected 255 gold pieces.
You spent 105 gold pieces at shops.

Inventory:

Armour
 a - a +0 robe (worn)
Jewellery
 j - the amulet of invisibility (around neck) {+Inv}
   (You found it in the Dungeon)

   [amulet of nothing]

   +Inv:      It lets you turn invisible.
Scrolls
 g - a scroll of blinking
 h - a scroll of fear {unknown}
 i - a scroll of summoning
 k - a scroll of magic mapping
Potions
 b - a potion of curing
 c - a potion of heal wounds
 d - a potion of haste
 e - 2 potions of magic
 f - a potion of berserk rage


   Skills:
 - Level 8.0 Dodging
 - Level 8.0 Stealth
 * Level 19.5 Spellcasting
 * Level 17.1 Conjurations
 - Level 2.0 Hexes
 - Level 2.0 Translocations
 - Level 12.0 Invocations


You had 34 spell levels left.
You knew the following spells:

 Your Spells              Type           Power      Damage    Failure   Level
a - Magic Dart            Conj           100%       1d8       0%          1
b - Searing Ray           Conj           100%       2d8       0%          2
c - Fulminant Prism       Conj/Hex       34%        3d16      1%          4
d - Iskenderun's Mystic   Conj/Tloc      69%        2d14      1%          4
z - Dazzling Flash        Conj/Hex       100%       N/A       1%          3

Your spell library contained the following spells:

 Spells                   Type           Power      Damage    Failure   Level
 Sting                    Tmut/Pois      100%       1d8       1%          1
 Static Discharge         Conj/Air       66%        N/A       1%          2
 Portal Projectile        Hex/Tloc       76%        N/A       1%          3
 Sticky Flame             Conj/Fire      66%        2d8       1%          4
 Call Imp                 Summ           27%        N/A       2%          2
 Dispel Undead            Necr           27%        3d13      16%         4
 Spellforged Servitor     Conj/Summ      33%        N/A       36%         7
 Blade Hands              Tmut           13%        N/A       38%         5
 Excruciating Wounds      Necr           13%        N/A       38%         5
 Eringya's Noxious Bog    Tmut/Pois      13%        N/A       93%         6
 Statue Form              Tmut/Erth      18%        N/A       93%         6


Dungeon Overview and Level Annotations

Branches:
Dungeon (1/1)

Altars:
Cheibriados
Dithmenos
Elyvilon
Gozag
Hepliaklqana
Kikubaaqudgha
Makhleb
Nemelex Xobeh
Okawaru
Qazlal
Ru
Sif Muna
Trog
Uskayaw
Vehumet
Wu Jian
Xom
Yredelemnul
Zin
The Shining One
Beogh
Jiyva
Lugonu

Shops:
D [?**(=[


Message History

The spriggan berserker mumbles some strange prayers to Trog.
The death yak goes berserk!
There is an open door here.
Casting: Searing Ray (safe; 0% risk of failure)
Confirm with . or Enter, or press ? or * to list all spells.
You erupt in a blast of force!
The mystic blast hits the death yak!
The death yak is lightly wounded.
The death yak is knocked back by the mystic blast.
The death yak collides with the spriggan berserker!
The spriggan berserker is lightly wounded.
The spriggan berserker prays to Trog.
The elephant goes berserk!
Casting: Iskenderun's Mystic Blast (safe; 1% risk of failure)
Confirm with . or Enter, or press ? or * to list all spells.
You erupt in a blast of force!
The mystic blast hits the death yak!
The death yak is moderately wounded.
The death yak is knocked back by the mystic blast.
Unknown command.
Casting: Iskenderun's Mystic Blast (safe; 1% risk of failure)
Confirm with . or Enter, or press ? or * to list all spells.
You erupt in a blast of force!
The mystic blast hits the death yak but does no damage.
The death yak is moderately wounded.
The death yak gores you!
The spriggan berserker invokes Trog's protection!
Unknown command.
Casting: Iskenderun's Mystic Blast (safe; 1% risk of failure)
Confirm with . or Enter, or press ? or * to list all spells.
You erupt in a blast of force!
The mystic blast hits the spriggan berserker!
The spriggan berserker is moderately wounded.
The spriggan berserker is knocked back by the mystic blast.
The spriggan berserker collides with the elephant!
The elephant is lightly wounded.
The spriggan berserker is moderately wounded.
The mystic blast hits the death yak.
The death yak is moderately wounded.
The death yak gores you!!!
Ouch! That really hurt!
You die...

#################################
#.⌠._._._._.⌠.#..'.))#....##∩##)#
'.._._._._._..'..#...#....'.)##'#
#..._._._._...#..###'##.(.##∩#..#
#.._._._._._..#.(##∩∩?'...#####..
#._._._._._.⌠.#################..
###################.....(###.....
#♣♣♣♣♣..♣[###.'..'....)))'.'...♣.
......♣).♣##..#.@#.......########
♣..♣♣♣.♣..###.##Y##......#
.♣♣..♣...♣'.).#♣i♣########
###############.Y...#*** ,,,,,,*
***..♣..♣....#**
,,,,,,*****...♣....,.♣..,****
,,,,,,,,,.....,♣....,∩.∩,,,,*
,,,,,,,,*####**######*##*****
********* ******* *******


You could see a death yak (summoned, berserk), an elephant (summoned, berserk)
and a spriggan berserker (regenerating, strong-willed).

Vanquished Creatures
  Agnes (D)
  A spriggan druid (D)
  6 oklob plants (D)
  A demonic crawler (D)
  3 burning bushes (D)
  3 wandering mushrooms (D)
  A hornet (D)
  A queen bee (D)
  3 scorpions (D)
  4 killer bees (D)
  5 oklob saplings (D)
  5 spriggans (D)
  A river rat (D)
  A rat (D)
  A ballistomycete spore (D)
37 creatures vanquished.

Vanquished Creatures (others)
  20 fulminant prisms (D)
  3 fungi (D)
23 creatures vanquished.

Grand Total: 60 creatures vanquished

Notes
Turn   | Place    | Note
-------+----------+-------------------------------------------
     0 | D        | Zeld the Deep Elf Conjurer began the quest for the Orb.
     0 | D        | Reached XP level 1. HP: 10/10 MP: 6/6
    13 | D        | Reached skill level 4 in Spellcasting
    13 | D        | Reached skill level 5 in Conjurations
    13 | D        | Reached XP level 2. HP: 15/15 MP: 0/9
    23 | D        | Learned a level 2 spell: Searing Ray
    97 | D        | Noticed a scorpion
   100 | D        | Killed a scorpion
   101 | D        | Reached skill level 7 in Spellcasting
   101 | D        | Reached XP level 3. HP: 19/19 MP: 5/14
   101 | D        | Reached XP level 4. HP: 24/24 MP: 5/15
   105 | D        | Learned a level 3 spell: Dazzling Flash
   110 | D        | Learned a level 4 spell: Fulminant Prism
   115 | D        | Learned a level 4 spell: Iskenderun's Mystic Blast
   273 | D        | Reached skill level 8 in Spellcasting
   273 | D        | Reached skill level 1 in Hexes
   273 | D        | Reached skill level 1 in Translocations
   277 | D        | Found the amulet of invisibility {+Inv}
   574 | D        | Found an opulent altar of Gozag.
   574 | D        | Found a hazy altar of Hepliaklqana.
   574 | D        | Found a burning altar of Makhleb.
   574 | D        | Found a sparkling altar of Nemelex Xobeh.
   574 | D        | Found a snail-covered altar of Cheibriados.
   574 | D        | Found a sacrificial altar of Ru.
   574 | D        | Found a shimmering blue altar of Sif Muna.
   574 | D        | Found a shimmering altar of Xom.
   574 | D        | Found a basalt altar of Yredelemnul.
   575 | D        | Found a viscous altar of Jiyva.
   575 | D        | Found a bloodstained altar of Trog.
   575 | D        | Found an ornate altar of the Wu Jian Council.
   576 | D        | Found an iron altar of Okawaru.
   576 | D        | Found a shadowy altar of Dithmenos.
   576 | D        | Found a glowing silver altar of Zin.
   577 | D        | Found a hide-covered altar of Uskayaw.
   577 | D        | Found an ancient bone altar of Kikubaaqudgha.
   578 | D        | Found a stormy altar of Qazlal.
   578 | D        | Found a glowing golden altar of the Shining One.
   578 | D        | Found a white marble altar of Elyvilon.
   579 | D        | Found a radiant altar of Vehumet.
   579 | D        | Found a corrupted altar of Lugonu.
   581 | D        | Became a worshipper of Sif Muna the Loreminder
   662 | D        | Reached skill level 9 in Spellcasting
   662 | D        | Reached XP level 5. HP: 28/28 MP: 7/19
   850 | D        | Reached * piety under Sif Muna
   851 | D        | Reached skill level 10 in Spellcasting
   851 | D        | Reached skill level 1 in Invocations
   915 | D        | Reached ** piety under Sif Muna
   916 | D        | Reached skill level 10 in Conjurations
   916 | D        | Reached XP level 6. HP: 29/32 MP: 7/21
   942 | D        | Found Jojog's Magic Scroll Shop.
   942 | D        | Found Hopret Regy's Antique Armour Emporium.
   997 | D        | Bought a scroll of magic mapping for 49 gold pieces
  1007 | D        | Bought a scroll of identify for 28 gold pieces
  1007 | D        | Bought a scroll of identify for 28 gold pieces
  1116 | D        | Noticed a burning bush
  1116 | D        | Noticed a wandering mushroom
  1119 | D        | Noticed a wandering mushroom
  1122 | D        | Killed a wandering mushroom
  1122 | D        | Killed a wandering mushroom
  1123 | D        | Reached skill level 5 in Dodging
  1123 | D        | Reached skill level 12 in Spellcasting
  1123 | D        | Reached XP level 7. HP: 24/36 MP: 8/25
  1285 | D        | Killed a burning bush
  1286 | D        | Reached skill level 13 in Spellcasting
  1286 | D        | Reached XP level 8. HP: 41/41 MP: 19/27
  1426 | D        | Found Neubamp's Weapon Emporium.
  1426 | D        | Found Qod Tenk's General Store.
  1479 | D        | Noticed a queen bee
  1484 | D        | Reached *** piety under Sif Muna
  1488 | D        | Killed a queen bee
  1488 | D        | Reached **** piety under Sif Muna
  1603 | D        | Noticed an oklob plant
  1827 | D        | Killed an oklob plant
  1828 | D        | Reached skill level 14 in Spellcasting
  1855 | D        | Noticed a burning bush
  1862 | D        | Killed a burning bush
  1863 | D        | Reached XP level 9. HP: 31/45 MP: 8/29
  1957 | D        | Noticed a burning bush
  1957 | D        | Noticed an oklob plant
  1961 | D        | Noticed a wandering mushroom
  1964 | D        | Killed a burning bush
  1965 | D        | Reached skill level 15 in Spellcasting
  2101 | D        | Reached ***** piety under Sif Muna
  2114 | D        | Killed an oklob plant
  2114 | D        | Received a gift from Sif Muna
  2115 | D        | Reached skill level 10 in Invocations
  2117 | D        | Got Sif Muna's Almanac of Shifting Calling {god gift}
  2266 | D        | Noticed a spriggan druid
  2273 | D        | Killed a spriggan druid
  2274 | D        | Reached skill level 16 in Spellcasting
  2357 | D        | Noticed an oklob plant conjurer
  2361 | D        | Killed an oklob plant conjurer
  2395 | D        | Noticed an oklob plant
  2395 | D        | Noticed an oklob plant summoner
  2401 | D        | Noticed an oklob plant shifter
  2402 | D        | Killed an oklob plant summoner
  2410 | D        | Killed an oklob plant
  2410 | D        | Killed an oklob plant shifter
  2411 | D        | Reached skill level 17 in Spellcasting
  2411 | D        | Reached skill level 15 in Conjurations
  2411 | D        | Reached XP level 10. HP: 50/50 MP: 14/33
  2502 | D        | Reached skill level 18 in Spellcasting
  2624 | D        | Noticed a spriggan rider
  2783 | D        | Found Olin's Jewellery Emporium.
  2786 | D        | Found Heamantu's Armour Shoppe.
  2845 | D        | Noticed Agnes
  2859 | D        | Killed Agnes
  2860 | D        | Reached skill level 19 in Spellcasting
  3017 | D        | Found Beuc's Assorted Antiques.
  3017 | D        | Noticed a spriggan berserker
  3020 | D        | Noticed a death yak
  3022 | D        | Noticed an elephant
  3024 | D        | Demolished by a death yak

Illustrated notes

Levels and vault maps discovered:
D:        dungeon_sprint_fedhas [sprint_temple]

Skill      XL: |  1  2  3  4  5  6  7  8  9 10 |
---------------+-------------------------------+-----
Spellcasting   | 4 7 9 10 12 13 14 17 19 | 19.5
Conjurations   | 5 7 9 10 11 12 13 15 17 | 17.1
Hexes          | 2 |  2.0
Translocations | 2 |  2.0
Stealth        | 4 6 8 |  8.0
Invocations    | 3 6 7 9 12 | 12.0
Dodging        | 3 5 6 7 8 |  8.0

Action                   |  1- 3 |  4- 6 |  7- 9 | 10-12 || total
-------------------------+-------+-------+-------+-------++-------
Melee: Unarmed           |     9 |       |       |       ||     9
 Cast: Magic Dart        |     6 |     2 |     9 |       ||    17
       Searing Ray       |     1 |     7 |    16 |     3 ||    27
       Iskenderun's Myst |       |     2 |     8 |    19 ||    29
       Fulminant Prism   |       |     2 |    18 |       ||    20
 Abil: Evoke Invisibilit |       |     5 |     7 |       ||    12
  Use: Scroll            |       |     3 |       |       ||     3
Armor: Robe              |     4 |     1 |       |     1 ||     6
Dodge: Dodged            |     2 |       |     5 |     7 ||    14
